AoeStats
← put here generic profile name

Nomad

507119689Analyzed
4v4 RM · 16d ago on Sep 16, 2026· 52m 20s· 8 players
Game mode
Random Map
Map size
231×231
Population
200
Speed
Normal
Resources
Standard
Victory
Conquest
Starting age
Dark Age
Ending age
Imperial Age
RankedLock teamsTeams togetherTeam positionsShared explorationLock speedFull tech treeHidden civsTurbo modeCheats
Victory
Defeat
🇨🇭 Spanish · Switzerland
1104
+12
🇵🇪 Vietnamese · Peru
1006
+16
🇳🇱 Persians · Netherlands
977
+18
🇳🇱 Koreans · Netherlands
972
+18
🇬🇷 Franks · Greece
1033
-17
🇨🇳 Khmer · China
1025
-16
🇳🇱 Magyars · Netherlands
1016
-16
🇫🇷 Maya · France
990
-15
President of USA
3:39 Loom
14:04 Feudal Age
17:44 Castle Age
18:25 Horse Collar
25:28 Double-Bit Axe
26:28 Wheelbarrow
26:58 Bow Saw
29:58 Heavy Plow
34:48 Bloodlines
39:48 Husbandry
39:59 Gold Mining
44:16 Imperial Age
41:50 Stone Mining
42:35 Gold Shaft Mining
42:18 Husbandry
43:14 Forging
43:40 Fletching
44:46 Scale Barding Armor
45:40 Bodkin Arrow
47:07 Chain Barding Armor
47:35 Light Cavalry
49:33 Conscription
49:18 Tusk Swords
tony45330
9:15 Loom
14:18 Feudal Age
14:37 Man-at-Arms
16:09 Fishing Lines
16:59 Double-Bit Axe
21:45 Fletching
23:34 Padded Archer Armor
29:04 Castle Age
28:10 Stone Mining
29:05 Crossbowman
29:52 Thumb Ring
29:44 Bodkin Arrow
32:14 Wheelbarrow
33:33 Bow Saw
36:49 Town Watch
37:19 Hand Cart
39:05 Gold Mining
44:25 Imperial Age
44:41 Arbalester
47:15 Conscription
48:32 Pikeman
51:24 Gillnets
wereld9
3:10 Loom
3:16 Loom
14:07 Feudal Age
19:33 Fishing Lines
27:28 Castle Age
30:45 Gillnets
31:15 Light Cavalry
34:20 Wheelbarrow
39:30 Imperial Age
38:37 Hand Cart
39:20 Gold Mining
39:21 Double-Bit Axe
39:19 Horse Collar
39:28 Crossbowman
41:11 Conscription
40:42 Arbalester
43:14 Pikeman
44:01 Halberdier
47:54 Cavalier
49:14 Block Printing
49:11 Fervor
qi3ase
3:16 Loom
14:41 Feudal Age
19:59 Scale Barding Armor
20:03 Gold Mining
23:57 Castle Age
26:18 Forging
30:46 Chain Barding Armor
33:27 Double-Bit Axe
36:13 Wheelbarrow
39:37 Imperial Age
39:14 Husbandry
40:03 Cavalier
41:29 Town Watch
43:22 Plate Barding Armor
45:38 Iron Casting
44:54 Fletching
46:21 Murder Holes
51:50 Sanctity
Cheapp Sheepp
6:50 Loom
19:29 Feudal Age
22:44 Double-Bit Axe
22:43 Horse Collar
24:22 Fletching
28:03 Castle Age
26:33 Town Watch
29:04 Bodkin Arrow
32:39 Wheelbarrow
37:14 Forging
37:04 Scale Mail Armor
37:10 Scale Mail Armor
40:01 Hand Cart
46:14 Ballistics
45:50 Murder Holes
46:08 Masonry
48:51 Imperial Age
47:41 Bow Saw
47:39 Squires
48:09 Eupseong
48:35 Town Patrol
48:46 Heavy Plow
50:51 Elite War Wagon
51:52 Conscription
put here generic profile name
15:03 Feudal Age
15:58 Double-Bit Axe
19:26 Castle Age
17:20 Fishing Lines
19:07 Gold Mining
19:07 Stone Mining
20:06 Loom
21:16 Gillnets
21:55 Bow Saw
23:02 Fletching
23:50 Wheelbarrow
25:00 Hand Cart
25:39 Horse Collar
26:20 Heavy Plow
34:20 Imperial Age
34:19 Forging
34:14 Scale Barding Armor
34:13 Devotion
35:37 Two-Man Saw
35:14 Gold Shaft Mining
35:20 Stone Shaft Mining
35:52 Elite War Elephant
37:38 Iron Casting
37:23 Chain Barding Armor
37:20 Bloodlines
37:16 Husbandry
39:23 Chain Barding Armor
40:03 Blast Furnace
40:01 Citadels
41:37 Plate Barding Armor
41:29 Bodkin Arrow
41:36 Town Watch
42:56 Hoardings
44:14 Crop Rotation
44:11 Ballistics
44:53 Chemistry
49:04 Faith
50:10 Guilds
Dvu
4:52 Loom
13:52 Feudal Age
17:49 Castle Age
15:51 Fishing Lines
16:15 Gold Mining
20:08 Fletching
24:38 Gillnets
25:11 Double-Bit Axe
25:09 Horse Collar
25:21 Stone Mining
27:03 Bodkin Arrow
38:57 Redemption
MapacheZebra
3:50 Loom
13:47 Feudal Age
27:30 Fletching
28:57 Wheelbarrow
28:16 Double-Bit Axe
28:29 Gold Mining
34:13 Stone Mining
45:58 Castle Age
46:56 Hand Cart
47:18 Stone Shaft Mining
46:22 Pikeman
47:03 Squires
50:45 Bow Saw
51:52 Horse Collar
52:27 Forging
Connection lost

Rejoining the realm…

Still unreachable

The connection could not be restored.

Session expired

The server has moved on; the page needs a fresh start.